 Dungeon Crawl Stone Soup version 0.29-a0-207-gf982a884d8 (webtiles) character file.

Game seed: 15926074654503930921

427 bande the Covered (level 6, -3/39 HPs)
             Began as a Gargoyle Fighter on Feb 24, 2022.
             Splashed by a jelly's acid (10 damage)
             ... on level 4 of the Dungeon.
             The game lasted 00:05:59 (3751 turns).

bande the Covered (Gargoyle Fighter)                Turns: 3751, Time: 00:06:01

Health: -3/39      AC:  0    Str: 19    XL:     6   Next: 97%
Magic:  6/6        EV:  9    Int:  9    God:
Gold:   105        SH:  6    Dex: 11    Spells: 5/5 levels left

rFire   . . .      SeeInvis .   g - +1 hand axe (vorpal)
rCold   . . .      Faith    .   c - +1 buckler
rNeg    + . .      Spirit   .   b - +0 scale mail
rPois   ∞          Reflect  .   (no helmet)
rElec   +          Harm     .   (no cloak)
rCorr   .          Rampage  .   (no gloves)
Will    .....                   (no boots)
Stlth   ..........              (no amulet)
HPRegen 0.13/turn               m - ring of flight
MPRegen 0.10/turn               (no ring)

@: corroded, flying
A: sickness immunity, AC +4, negative energy resistance 1, electricity
resistance, torment resistance 1, petrification resistance, high MP 1
a: no special abilities


You were on level 4 of the Dungeon.
You visited 1 branch of the dungeon, and saw 4 of its levels.

You collected 105 gold pieces.

Inventory:

Hand Weapons
 a - a +0 war axe
 g - a +1 vorpal hand axe (weapon)
Missiles
 k - 2 throwing nets (quivered)
Armour
 b - a +0 scale mail (worn)
 c - a +1 buckler (worn)
Jewellery
 m - a ring of flight (left hand)
Wands
 l - a wand of iceblast (7)
Scrolls
 e - a scroll of identify
 i - 2 scrolls of teleportation
Potions
 d - a potion of magic
 h - a potion of flight
 j - a potion of haste
 n - a potion of degeneration {unknown}


   Skills:
 + Level 4.5 Fighting
 + Level 4.6 Axes
 + Level 4.7 Armour
 + Level 4.4 Shields


You had 5 spell levels left.
You didn't know any spells.
Your spell library contained the following spells:

 Spells                   Type           Power      Damage    Failure   Level
 Animate Skeleton         Necr           0%         N/A       83%         1
 Apportation              Tloc           0%         N/A       83%         1
 Summon Small Mammal      Summ           0%         N/A       83%         1
 Gell's Gravitas          Tloc           0%         N/A       99%         3
 Lesser Beckoning         Tloc           0%         N/A       99%         3
 Teleport Other           Tloc           0%         N/A       99%         3


Dungeon Overview and Level Annotations

Branches:
Dungeon (4/15)
 Temple: D:4-7

Altars:
Zin

Shops:
D:2 =


Innate Abilities, Weirdness & Mutations

You are immune to sickness and miasma.
Your stone body is resilient. (AC +4)
You are immune to poison.
You resist negative energy. (rN+)
You are resistant to electric shocks. (rElec)
You are resistant to unholy torment.
You are immune to petrification.
You have an increased reservoir of magic. (+10% MP)


Message History

The jelly quivers.
Found 11 stones.
You hit the jelly.
Your hands burn!
The jelly is lightly wounded.
The jelly hits you but does no damage. The jelly hits you.
You are splashed with acid!
You hit the jelly.
Your hands burn!
The jelly is moderately wounded.
The jelly hits you. The acid corrodes you!
You are splashed with acid.
You are too injured to fight recklessly!
You are too injured to fight recklessly!
You are too injured to fight recklessly!
You are too injured to fight recklessly!
A jelly is nearby!
You barely miss the jelly.
The jelly is moderately wounded.
The jelly hits you.
You are splashed with acid!
* * * LOW HITPOINT WARNING * * *
You hit the jelly.
Your hands burn!
* * * LOW HITPOINT WARNING * * *
The jelly is heavily wounded.
The jelly hits you but does no damage.
You hit the jelly but do no damage.
Your hands burn!
* * * LOW HITPOINT WARNING * * *
The jelly is heavily wounded.
The jelly hits you but does no damage.
You feel much better. The jelly hits you but does no damage.
You hit the jelly but do no damage. The acid corrodes you!
Your hands burn!
The jelly is heavily wounded.
You block the jelly's attack.
You hit the jelly but do no damage.
Your hands burn!
The jelly is heavily wounded.
The jelly hits you.
You are splashed with acid!
You hit the jelly.
Your hands burn!
* * * LOW HITPOINT WARNING * * *
The jelly is almost dead.
The jelly hits you.
* * * LOW HITPOINT WARNING * * *
The acid corrodes you!
You are splashed with acid!
You die...

..#.... ....# # ##........#
.## ....## ###.... ....#
..###.#..... ......#
#...##............. ##....#
#...#.###.........# #.....#
#.....##.........###
......###.....##............
#.............#.@.........#
#........##......J........##
....##..####..#............#
...####.# #..###......####
...# #.###.## ###...## ...#
#..#..# ##>##.# ....#
#..#.## #<.###......#
.###.##....## ##.## #...###
## #...##..####.## .....(


You could see a jelly.

Vanquished Creatures
  Sigmund (D:3)
  A black bear (D:3)
  A centaur skeleton (D:3)
  Natasha (thrice) (D:2)
  Terence (D:3)
  A gnoll (D:1)
  An orc (D:3)
  2 ball pythons
  6 bats
  4 endoplasms
  3 giant cockroaches (D:1)
  4 goblins
  5 hobgoblins
  3 quokkas (D:2)
  A frilled lizard (D:2)
  4 kobolds
  6 rats
47 creatures vanquished.

Vanquished Creatures (others)
  4 plants (D:2)
4 creatures vanquished.

Grand Total: 51 creatures vanquished

Notes
Turn   | Place    | Note
-------+----------+-------------------------------------------
     0 | D:1      | bande the Gargoyle Fighter began the quest for the Orb.
     0 | D:1      | Reached XP level 1. HP: 14/14 MP: 1/1
   187 | D:1      | Reached XP level 2. HP: 14/19 MP: 2/2
   481 | D:1      | Reached XP level 3. HP: 22/23 MP: 3/3
  1176 | D:2      | Found Winyimuk's Jewellery Shoppe.
  1356 | D:2      | You fall into a shaft and drop 1 floor!
  1362 | D:2      | Found a glowing silver altar of Zin.
  1519 | D:2      | Noticed Natasha
  1531 | D:2      | Killed Natasha
  1532 | D:2      | Reached XP level 4. HP: 19/29 MP: 4/4
  1707 | D:2      | Noticed Natasha
  1715 | D:2      | Killed Natasha
  2160 | D:2      | Noticed Natasha
  2172 | D:2      | Killed Natasha
  2173 | D:2      | Reached XP level 5. HP: 24/33 MP: 5/5
  2489 | D:3      | Noticed Sigmund
  2496 | D:3      | Killed Sigmund
  2497 | D:3      | Reached XP level 6. HP: 23/38 MP: 6/6
  2740 | D:3      | Gained mutation: You are occasionally teleported next to
                  | monsters. [potion of mutation]
  2740 | D:3      | Gained mutation: Your large and strong wings let you fly.
                  | [potion of mutation]
  2740 | D:3      | Gained mutation: You are partially covered in iridescent
                  | scales. (AC +2) [potion of mutation]
  2758 | D:3      | Noticed Terence
  2771 | D:3      | Killed Terence
  2989 | D:3      | Noticed a black bear
  2996 | D:3      | Killed a black bear
  3064 | D:3      | Lost mutation: You are occasionally teleported next to
                  | monsters. [potion of mutation]
  3064 | D:3      | Lost mutation: You are partially covered in iridescent
                  | scales. (AC +2) [potion of mutation]
  3064 | D:3      | Lost mutation: Your large and strong wings let you fly.
                  | [potion of mutation]
  3064 | D:3      | Gained mutation: You have an increased reservoir of magic.
                  | (+10% MP) [potion of mutation]
  3751 | D:4      | Splashed by a jelly's acid

Illustrated notes

Levels and vault maps discovered:
D:1:      kilobyte_arrival_exit_the_forest, layout_loops_cross
D:2:      layout_rooms, basic_altar, serial_shops, nicolae_shop_waterfront,
          grunt_decor_one_mirror, chequers_serial_rivers_small_a,
          serial_bayou_crossing, uniq_natasha
D:3:      layout_loops_ring, uniq_sigmund, uniq_terence
D:4:      layout_layer_cave, general_overflow_altar,
          nicolae_qazlal_eye_of_the_storm, minmay_misc_feat_diagonals

Skill      XL: |  1  2  3  4  5 |
---------------+----------------+-----
Shields        | 4 |  4.4
Axes           | 2 3 4 |  4.6
Fighting       | 4 |  4.5
Armour         | 4 |  4.7

Action                   |  1- 3 |  4- 6 || total
-------------------------+-------+-------++-------
Melee: War axe           |    92 |    46 ||   138
       Hand axe          |       |    24 ||    24
  Use: Scroll            |       |    11 ||    11
       Potion            |       |     4 ||     4
Armor: Scale mail        |    46 |    36 ||    82
Dodge: Dodged            |    54 |    27 ||    81
Block: Buckler           |    18 |    19 ||    37

Table legend: (Time is in decaauts)
 A = Elapsed time spent in this place.
 B = Non-inter-level travel time spent in this place.
 C = Inter-level travel time spent in this place.
 D = Time resting spent in this place.
 E = Time spent auto-exploring this place.
 F = Levels seen in this place.
 G = Mean time per level.
                   A        B        C        D        E       F      G
               +--------+--------+--------+--------+--------+-----+--------+
         Total |   3833 |   3699 |    134 |    955 |   2137 |   4 |  958.2 |
       Dungeon |   3833 |   3699 |    134 |    955 |   2137 |   4 |  958.2 |
               +--------+--------+--------+--------+--------+-----+--------+

Top non-repeatable levels by time:
     D:3: 1356 daAuts
     D:1: 1203 daAuts
     D:2: 1115 daAuts
     D:4: 158 daAuts
